 Dungeon Crawl Stone Soup version 0.30-a0-852-g08b95dd62f (webtiles) character file.

Game seed: 17327060749580380912

50 demibob the Twirler (level 3, -1/36 HPs)
             Began as a Demonspawn Wanderer on Mar 5, 2023.
             Slain by a jackal (2 damage)
             ... on level 2 of the Dungeon.
             The game lasted 00:01:31 (912 turns).

demibob the Twirler (Demonspawn Wanderer)            Turns: 912, Time: 00:01:31

Health: -1/36      AC:  3    Str:  5 (8)  XL:     3   Next: 55%
Magic:  4/4        EV: 12    Int: 16 (19) God:
Gold:   33         SH:  0    Dex: 11 (12) Spells: 3/4 levels left

rFire   . . .      SeeInvis .    a - +2 quarterstaff
rCold   . . .      Faith    .    (shield currently unavailable)
rNeg    . . .      Spirit   .    d - +0 robe
rPois   .          Reflect  .    (no helmet)
rElec   .          Rampage  .    (no cloak)
rCorr   .                        b - +0 pair of gloves
Will    .....                    (no boots) Stlth
                                 (no amulet)
HPRegen 0.26/turn                (no ring)
MPRegen 0.09/turn                (no ring)

@: berserking, hasted, very quick
A: demonic guardian 2
a: no special abilities


You were on level 2 of the Dungeon.
You visited 1 branch of the dungeon, and saw 2 of its levels.

You collected 33 gold pieces.


Innate Abilities, Weirdness & Mutations

A demonic guardian rushes to your aid.


   Skills:
 + Level 4.9 Staves
 - Level 1.7 Dodging
 - Level 1.0 Spellcasting
 - Level 3.2 Necromancy


You had 3 spell levels left.
You knew the following spells:

 Your Spells              Type           Power      Damage    Failure   Level
X - Necrotise             Necr           44%        1d6       6%          1

Your spell library contained the following spells:

 Spells                   Type           Power      Damage    Failure   Level
 Vampiric Draining        Necr           11%        2d6       19%         3

Inventory:

Hand Weapons
 a - a +2 quarterstaff (weapon)
Armour
 b - a +0 pair of gloves (worn)
 d - a +0 robe (worn)
Jewellery
 P - a ring of poison resistance
Scrolls
 c - a scroll of teleportation {@r2}
 f - a scroll of immolation {unknown}
 g - a scroll of identify {unknown}
 j - a scroll of poison {unknown}
Potions
 i - a potion of haste {@q3}

Dungeon Overview and Level Annotations

Branches:
Dungeon (2/15)

Altars:

Shops:
D:1

? ... ##.. ####..#
... .....K. ..#
.....#.#..#
.....#.... .
.........### ..
#.....)..l.## ...
#.......##hg####!#..
...#......#@#... ...
#.#.##4hh#.##....
#.#. ###)<.......
....#.....##....
#.........# .
........†.#
#..........#
..........#
...........


You could see 3 jackals, a goblin, a kobold, a frilled lizard and a friendly
rust devil (summoned).


Message History

The jackal bites you but does no damage. x2
The jackal bites you.
* * * LOW HITPOINT WARNING * * *
Okay, then.
It was a potion of haste.
You feel yourself speed up. The jackal closely misses you.
The jackal barely misses you. The ball python bites you.
* * * LOW HITPOINT WARNING * * *
The ball python constricts you. The jackal barely misses you.
It was a potion of degeneration.
There was something very wrong with that liquid.
You feel weakened.
You feel dopey.
You feel clumsy. The jackal barely misses you. The jackal bites you.
* * * LOW HITPOINT WARNING * * *
The jackal barely misses you. The ball python bites you.
* * * LOW HITPOINT WARNING * * *
A demonic guardian appears!
The ball python constricts you.
It was a potion of berserk rage.
A red film seems to cover your vision as you go berserk!
You feel yourself moving faster!
You feel mighty! The jackal bites you.
* * * LOW HITPOINT WARNING * * *
The jackal closely misses you. x2; The ball python barely misses you.
The ball python constricts you.
* * * LOW HITPOINT WARNING * * *
You sock the ball python!
You kill the ball python!
The jackal barely misses you. The jackal bites you.
* * * LOW HITPOINT WARNING * * *
The jackal bites you.
You die...

Skill      XL: |  1 |
---------------+----+-----
Staves         | 4 |  4.9
Dodging        | |  1.7
Spellcasting   | |  1.0
Necromancy     | |  3.2

Action                     || total
---------------------------++-------
  Melee: Quarterstaff      ||   101
    Use: Potion            ||     3
   Stab: Sleeping          ||     1
 Armour: Robe              ||    32
  Dodge: Dodged            ||    98

Levels and vault maps discovered:
D:1:      shiori_arrival_whats_in_store_for_you, layout_basic, serial_shops,
          nicolae_shop_statue_plus
D:2:      layout_rooms, shapermc_ecumenical_altar_notcrosses, basic_altar

Notes
Turn   | Place    | Note
-------+----------+-------------------------------------------
     0 | D:1      | demibob the Demonspawn Wanderer began the quest for the
                  | Orb.
     0 | D:1      | demibob set off with the following items: a +2
                  | quarterstaff, a +0 pair of gloves, a scroll of
                  | teleportation {@r2}, a +0 robe; and the following spell
                  | memorised: Necrotise; and the following spells available to
                  | memorise: Vampiric Draining.
     0 | D:1      | Reached XP level 1. HP: 13/13 MP: 2/2
     0 | D:1      | Noticed a spriggan
     0 | D:1      | Noticed a vine stalker
     4 | D:1      | Noticed a felid
     4 | D:1      | Noticed a felid
     6 | D:1      | Noticed an octopode
     7 | D:1      | Noticed a gargoyle
     8 | D:1      | Noticed a formicid
     9 | D:1      | Noticed a formicid
    12 | D:1      | Noticed a ghoul
    12 | D:1      | Noticed a minotaur
    14 | D:1      | Noticed an octopode
    16 | D:1      | Noticed an ogre
    16 | D:1      | Noticed a human
    16 | D:1      | Noticed an octopode
    18 | D:1      | Noticed a spriggan
    20 | D:1      | Noticed a felid
    22 | D:1      | Noticed a felid
    62 | D:1      | Found Koxuij's Magic Scroll Emporium.
    94 | D:1      | Reached skill level 4 in Staves
   132 | D:1      | Gained mutation: A weak demonic guardian rushes to your
                  | aid. [demonic ancestry]
   132 | D:1      | Reached XP level 2. HP: 13/19 MP: 3/3
   416 | D:1      | Gained mutation: A demonic guardian rushes to your aid.
                  | [demonic ancestry]
   416 | D:1      | Reached XP level 3. HP: 23/24 MP: 4/4
   911 | D:2      | HP: 3/36 [constriction (1)]
   912 | D:2      | HP: 1/36 [jackal (2)]
   912 | D:2      | Slain by a jackal

Vanquished Creatures
  A dart slug (D:1)
  6 bats
  An endoplasm (D:1)
  3 giant cockroaches (D:1)
  3 goblins
  5 hobgoblins (D:1)
  5 jackals
  5 kobolds
  3 quokkas
  2 ball pythons
  A frilled lizard (D:1)
  6 rats (D:1)
41 creatures vanquished.

Vanquished Creatures (collateral kills)
  An endoplasm (D:1)
  A bat (D:1)
2 creatures vanquished.

Grand Total: 43 creatures vanquished

Table legend: (Time is in decaauts)
 A = Elapsed time spent in this place.
 B = Non-inter-level travel time spent in this place.
 C = Inter-level travel time spent in this place.
 D = Time resting spent in this place.
 E = Time spent auto-exploring this place.
 F = Levels seen in this place.
 G = Mean time per level.
                   A        B        C        D        E       F      G
               +--------+--------+--------+--------+--------+-----+--------+
         Total |    919 |    892 |     27 |      0 |    681 |   2 |  459.5 |
       Dungeon |    919 |    892 |     27 |      0 |    681 |   2 |  459.5 |
               +--------+--------+--------+--------+--------+-----+--------+

Top non-repeatable levels by time:
     D:1: 873 daAuts
     D:2: 45 daAuts

Table legend:
 A = Non-vault XP
 B = Vault XP
 C = Vault XP percentage of total XP
 D = Non-vault monster count
 E = Vault monster count
 F = Vault count percentage of total count
                 A         B        C        D         E       F
            +---------+---------+-------+---------+---------+-------
      Total |      73 |       0 |   0.0 |      43 |       0 |   0.0
            +---------+---------+-------+---------+---------+-------
        D:1 |      64 |       0 |   0.0 |      37 |       0 |   0.0
        D:2 |       9 |       0 |   0.0 |       6 |       0 |   0.0
            +---------+---------+-------+---------+---------+-------
